 Dungeon Crawl Stone Soup version 0.14-a0-2632-gd2f732a (webtiles) character file.

6298 Psiweapon the Covert (level 10, -5/63 HPs)
             Began as a Vampire Enchanter on Feb 15, 2014.
             Was a Believer of Dithmenos.
             Slain by a yak (11 damage)
             ... on Level 2 of the Lair of Beasts.
             The game lasted 01:07:56 (10056 turns).

Psiweapon the Covert (Vampire Enchanter)           Turns: 10056, Time: 01:07:56

HP  -5/63        AC  7     Str  8      XL: 10   Next: 55%
MP  12/21        EV 16     Int 18      God: Dithmenos [**....]
Gold 313         SH 13     Dex 15      Spells:  3 memorised,  9 levels left

rFire  x . .     SeeInvis +     f - +5,+3 dwarf dagger (speed)
rCold  + + +     Clarity  .     b - +1 robe
rNeg   + + +     Conserve .     k - +2 buckler {rPois}
rPois  +         rCorr    .     D - +1 hat
rElec  .         rRot     +     H - +0 cloak
SustAb . .       Spirit   .     o - +1 pair of dwarf gloves
rMut   .         Warding  .     (no boots)
Saprov . . .     Stasis   .     (no amulet)
MR     +....                    x - ring of ice
                                (no ring)

@: regenerating slowly, very slightly contaminated, wreathed by umbra, somewhat
resistant to hostile enchantments, incredibly stealthy
A: bottle blood, fangs 3, see invisible, unbreathing
a: Bat Form, Bottle Blood, Shadow Step, Renounce Religion


You were on level 2 of the Lair of Beasts.
You worshipped Dithmenos.
Dithmenos was pleased with you.
You were near bloodless.

You visited 3 branches of the dungeon, and saw 11 of its levels.

You collected 313 gold pieces.

Inventory:

Hand weapons
 e - a +0 blowgun
 f - a +5,+3 dwarven dagger of speed (weapon)
 K - a +5,+1 elven cutlass
Missiles
 d - 12 darts (quivered)
 p - 7 needles of paralysis
 q - 20 poisoned needles
 B - 40 sling bullets
Armour
 b - a +1 robe (worn)
 k - a +2 buckler of poison resistance (worn)
 o - a +1 pair of dwarven gloves (worn)
 D - a +1 hat (worn)
 H - a +0 cloak (worn)
 S - a +0 elven ring mail
Magical devices
 a - a wand of fire (2)
 w - a wand of frost (12)
 y - a wand of confusion (3)
 z - a wand of confusion (4)
 L - a wand of lightning (3)
Scrolls
 m - 2 scrolls of remove curse
 r - a scroll of blinking
 s - 3 scrolls of teleportation
 t - 2 scrolls of noise
 v - 3 scrolls of recharging
 A - a scroll of enchant weapon II
 F - a scroll of curse weapon {unknown}
 I - 2 scrolls of fog
 J - a scroll of fear {unknown}
 Q - a scroll of acquirement {unknown}
 R - a scroll of curse armour {unknown}
 T - 2 scrolls of magic mapping {unknown}
Jewellery
 x - a ring of ice (right hand)
Potions
 g - 2 potions of poison
 h - a potion of coagulated blood
 i - 5 potions of curing
 j - a potion of restore abilities {unknown}
 l - a potion of magic
 n - a potion of heal wounds
 C - a potion of agility
 E - 2 potions of blood
 G - a potion of cure mutation {unknown}
 N - a potion of invisibility {unknown}
 O - 2 potions of degeneration {unknown}
Books
 c - a book of Maledictions

   Spells                             Type                      Level
   Corona                             Hexes                        1
   Sure Blade                         Hexes/Charms                 2
   *Ensorcelled Hibernation           Hexes/Ice                    2
   *Confuse                           Hexes                        3
   *Enslavement                       Hexes                        4
   Invisibility                       Hexes                        6
 u - a Young Poisoner's Handbook

   Spells                             Type                      Level
   Sting                              Conjuration/Poison           1
   Cure Poison                        Poison                       2
   Mephitic Cloud                     Conjuration/Poison/Air       3
   Olgreb's Toxic Radiance            Poison                       4
   Venom Bolt                         Conjuration/Poison           5
 M - a book of Clouds

   Spells                             Type                      Level
   Mephitic Cloud                     Conjuration/Poison/Air       3
   Conjure Flame                      Conjuration/Fire             3
   Poisonous Cloud                    Conjuration/Poison/Air       6
   Freezing Cloud                     Conjuration/Ice/Air          6
   Ring of Flames                     Charms/Fire                  7
 P - a book of Debilitation

   Spells                             Type                      Level
   Corona                             Hexes                        1
   Slow                               Hexes                        2
   Inner Flame                        Hexes/Fire                   3
   *Enslavement                       Hexes                        4
   Cause Fear                         Hexes                        4
   Leda's Liquefaction                Hexes/Earth                  4


   Skills:
 + Level 8.7 Short Blades
 - Level 1.0 Throwing
 - Level 7.2 Dodging
 + Level 12.4 Stealth
 + Level 4.3 Shields
 + Level 4.8 Spellcasting
 - Level 10.0 Hexes


You had 9 spell levels left.
You knew the following spells:

 Your Spells              Type           Power        Failure   Level  Hunger
b - Ensorcelled Hibernat  Hex/Ice        ####..       2%          2    #......
c - Confuse               Hex            #####...     1%          3    ###....
d - Enslavement           Hex            #####...     2%          4    ####...


Dungeon Overview and Level Annotations

Branches:
Dungeon (8/16)             Temple (1/1) D:6            Lair (2/8) D:8

Altars:
Ashenzari
Cheibriados
Dithmenos
Elyvilon
Fedhas
Kikubaaqudgha
Makhleb
Nemelex Xobeh
Okawaru
Sif Muna
Trog
Vehumet
Xom
Yredelemnul
Zin
The Shining One

Annotations:
D:5 Moksha's ghost, average DrTm
D:8 exclusion: oklob sapling


Innate Abilities, Weirdness & Mutations

You heal slowly.
You can bottle blood from corpses.
You have razor-sharp teeth.*
You have supernaturally acute eyesight.
You can survive without breathing.*


Message History

Use which ability? (? or * to list)
Your possessions no longer seem quite so burdensome.
Your transformation has ended.
Your +5,+3 dwarven dagger of speed unmelds from your body.
Your hands tingle!
Your +0 cloak unmelds from your body.
Your +1 hat unmelds from your body.
Your +1 pair of dwarven gloves unmelds from your body.
Your +2 buckler of poison resistance unmelds from your body.
You feel healthy.
Your +1 robe unmelds from your body.
Your ring of ice unmelds from your body.
You feel more attuned to ice.
x - a ring of ice (right hand)
You hear the brisk ticking of a clock, a long way away.
A yak comes into view.
You feel almost devoid of blood!
A yak comes into view.
You block the yak's attack.
Found a curved smoking staff.
The yak gores you!
You die...

##......%..%.........
##....#................
#....####...............
##....# #...............
#....####....l.........
#.....####(.............
##.....P##.....D........
#.....f###...(lY.....##
##.....## ##...@....###
#.###...# ##...##..# ###
#.#.# #.##.# ##Y# #####
## ##. .| #


You could see an eight-headed hydra, 2 yaks and 2 iguanas.

Vanquished Creatures
  2 fire drakes
  A troll (D:6)
  2 wandering mushrooms (D:8)
  A basilisk (Lair:1)
  5 yaks (Lair:1)
  2 hippogriffs
  Edmund (D:6)
  4 orc warriors
  A sky beast (D:7)
  2 ogres
  2 centaurs (D:6)
  2 crocodiles (Lair:1)
  9 giant frogs
  5 water moccasins
  A giant slug (Lair:1)
  A gnoll sergeant (D:8)
  An eye of draining (D:8)
  A yak skeleton (D:8)
  A wight (D:7)
  5 killer bees (D:7)
  6 crimson imps
  A centaur zombie (D:7)
  6 hounds
  A giant frog zombie (D:8)
  3 orc priests
  4 worker ants (D:4)
  An iguana (Lair:1)
  5 orc wizards
  A big kobold skeleton (D:7)
  A hound zombie (D:7)
  Terence (D:2)
  A mummy (D:7)
  3 gnolls
  16 green rats (Lair:1)
  A worm zombie (D:6)
  10 adders
  2 giant mites
  2 worms
  3 giant eyeballs
  7 giant geckos
  19 orcs
  3 giant cockroaches
  17 hobgoblins
  26 jackals
  4 quokkas
  12 bats
  8 giant newts
  9 goblins
  A hobgoblin skeleton (D:7)
  A jackal skeleton (D:6)
  10 kobolds
  A kobold zombie (D:6)
  16 rats
  2 rat skeletons
253 creatures vanquished.

Notes
Turn   | Place    | Note
--------------------------------------------------------------
     0 | D:1      | Psiweapon, the Vampire Enchanter, began the quest for the Orb.
     0 | D:1      | Reached XP level 1. HP: 13/13 MP: 3/3
   425 | D:1      | Reached XP level 2. HP: 17/19 MP: 1/4
   435 | D:1      | Learned a level 2 spell: Ensorcelled Hibernation
   556 | D:1      | Reached skill level 1 in Throwing
   996 | D:1      | Noticed an ogre
  1016 | D:2      | Noticed Terence
  1052 | D:2      | Killed Terence
  1052 | D:2      | Reached XP level 3. HP: 24/24 MP: 0/6
  1384 | D:1      | Reached skill level 5 in Hexes
  1479 | D:2      | Found a radiant altar of Vehumet.
  2043 | D:2      | Reached XP level 4. HP: 23/30 MP: 1/7
  2586 | D:3      | Reached skill level 5 in Stealth
  2637 | D:3      | Reached XP level 5. HP: 35/35 MP: 9/9
  2807 | D:3      | Found a bloodstained altar of Trog.
  3514 | D:5      | Entered Level 5 of the Dungeon
  3514 | D:5      | Noticed Moksha's ghost (average DrTm)
  3724 | D:4      | Reached skill level 6 in Stealth
  3724 | D:4      | Reached XP level 6. HP: 41/41 MP: 10/10
  4214 | D:5      | Noticed a centaur
  4266 | D:6      | Noticed Edmund
  4289 | D:6      | Killed Edmund
  4556 | D:6      | Reached skill level 7 in Stealth
  4556 | D:6      | Reached XP level 7. HP: 46/46 MP: 7/12
  4813 | D:6      | Reached skill level 5 in Dodging
  5217 | D:6      | Noticed a troll
  5230 | D:6      | Learned a level 3 spell: Confuse
  5235 | D:6      | Learned a level 4 spell: Enslavement
  5246 | D:6      | Found a staircase to the Ecumenical Temple.
  5251 | Temple   | Entered the Ecumenical Temple
  5292 | Temple   | Became a worshipper of Dithmenos
  5365 | D:6      | Killed a troll
  5365 | D:6      | Reached skill level 8 in Stealth
  5365 | D:6      | Reached XP level 8. HP: 52/52 MP: 10/13
  5504 | D:7      | Reached skill level 5 in Short Blades
  6511 | D:7      | Reached skill level 9 in Stealth
  6970 | D:6      | Reached XP level 9. HP: 37/57 MP: 7/14
  7515 | D:7      | Reached skill level 10 in Stealth
  7956 | D:8      | Reached skill level 10 in Hexes
  8036 | D:8      | Found a staircase to the Lair.
  8053 | D:8      | Noticed a fire drake
  8063 | D:8      | Killed a fire drake
  8063 | D:8      | Reached skill level 1 in Shields
  8509 | D:8      | Reached skill level 11 in Stealth
  8722 | D:8      | Found a blossoming altar of Fedhas.
  8866 | Lair:1   | Entered Level 1 of the Lair of Beasts
  9030 | Lair:1   | Reached XP level 10. HP: 63/63 MP: 17/20
  9086 | Lair:1   | Acquired Dithmenos' first power
  9242 | Lair:1   | Reached skill level 12 in Stealth
 10015 | Lair:2   | Noticed an eight-headed hydra
 10029 | Lair:2   | HP: 3/63 [eight-headed hydra (4)]
 10056 | Lair:2   | Slain by a yak

Action                   |  1- 3 |  4- 6 |  7- 9 | 10-12 || total
-------------------------+-------+-------+-------+-------++-------
Melee: Dagger            |   158 |   179 |   429 |   100 ||   866
       Cutlass           |       |       |       |     9 ||     9
 Fire: Blowgun           |       |       |     5 |       ||     5
Throw: Dart              |     1 |       |       |       ||     1
 Cast: Corona            |     6 |       |       |       ||     6
       Ensorcelled Hiber |    22 |    34 |    94 |    33 ||   183
       Confuse           |       |       |     3 |     1 ||     4
       Enslavement       |       |       |       |     1 ||     1
 Abil: End Transformatio |       |     1 |     6 |     1 ||     8
       Bat Form          |       |     1 |     6 |     1 ||     8
       Bottle Blood      |       |     2 |     8 |     1 ||    11
Evoke: Wand              |       |     8 |     9 |     4 ||    21
  Use: Scroll            |       |     8 |     8 |    11 ||    27
       Potion            |       |     2 |     1 |       ||     3
 Stab: Sleeping          |    17 |    33 |    74 |    29 ||   153
       Distracted        |     3 |     1 |     2 |     1 ||     7
       Confused          |       |     1 |     3 |       ||     4
